 Dungeon Crawl Stone Soup version 0.17.0-28-g6e173f8 (webtiles) character file.

31 gorblad the Shield-Bearer (level 3, 0/20 HPs)
             Began as a Gargoyle Fighter on Dec 3, 2015.
             Was an Initiate of Trog.
             Slain by a gnoll
             ... wielding a cursed -2 spear
              (1 damage)
             ... on level 2 of the Dungeon.
             The game lasted 00:02:54 (592 turns).

gorblad the Shield-Bearer (Gargoyle Fighter)         Turns: 592, Time: 00:02:54

Health: 0/20       AC: 10    Str: 22    XL:     3   Next: 22%
Magic:  3/3        EV: 11    Int:  8    God:    Trog [......]
Gold:   70         SH: 14    Dex: 12    Spells: 0 memorised, 2 levels left

rFire  + . .     SeeInvis .     a - +0 flail
rCold  + . .     Clarity  .     b - +0 scale mail
rNeg   + . .     SustAt   .     n - +0 large shield
rPois  ∞         Gourm    .     (no helmet)
rElec  +         Spirit   .     (no cloak)
rCorr  +         Warding  .     (no gloves)
rMut   .         Stasis   .     (no boots)
MR     .....                    (no amulet)
Stlth  +.........               (no ring)
                                (no ring)

@: agile, resistant, not resistant to hostile enchantments, very unstealthy
A: clumsy 1, frail 1, negative energy resistance 1, electricity resistance,
strong 1, unbreathing, petrification resistance, rot immunity, AC +3
a: Burn Spellbooks, Renounce Religion


You were on level 2 of the Dungeon.
You worshipped Trog.
Trog was noncommittal.
You were not hungry.

You visited 1 branch of the dungeon, and saw 2 of its levels.

You collected 70 gold pieces.

Inventory:

Hand Weapons
 a - a +0 flail (weapon)
Armour
 b - a +0 scale mail (worn)
 c - a +0 shield
 n - a +0 large shield (worn)
Jewellery
 j - an uncursed ring of poison resistance {unknown}
Scrolls
 g - a scroll of teleportation {unknown}
 m - a scroll of enchant weapon {unknown}
 o - 2 scrolls of remove curse {unknown}
 p - a scroll of fear {unknown}
Potions
 d - 2 potions of might
 i - a potion of agility
Comestibles
 e - a bread ration
 h - 2 chunks of flesh
 l - a meat ration


   Skills:
 - Level 3.2 Fighting
 - Level 2.0 Maces & Flails
 - Level 3.2 Armour
 + Level 2.2 Dodging
 - Level 3.2 Shields


You had 2 spell levels left.
You didn't know any spells.

Dungeon Overview and Level Annotations

Branches:
Dungeon (2/15)

Altars:
Trog


Innate Abilities, Weirdness & Mutations

You are resistant to torment.
Your stone body is resilient (AC +3).
You are immune to poison.
You resist negative energy.
You are resistant to electric shocks.
You can survive without breathing.
You are immune to petrification.
You are immune to rotting.
You are clumsy. (Dex -2)
You are frail (-10% HP).
Your muscles are strong. (Str +2)


Message History

It was a potion of agility.
You feel agile all of a sudden.
The gnoll hits you but does no damage. x2
You block the gnoll's attack. The gnoll barely misses you.
Drink which item? (? for menu, Esc to quit)
It was a potion of mutation.
You feel extremely strange.
You feel frail.
You feel clumsy.
You feel stronger. The gnoll hits you.
* * * LOW HITPOINT WARNING * * *
You block the gnoll's attack. x2
The gnoll hits you but does no damage.
Drink which item? (? for menu, Esc to quit)
It was a potion of resistance.
You feel protected. The gnoll hits you but does no damage.
You block the gnoll's attack. You block the gnoll's attack.
Your shield prevents you from hitting the gnoll.
You block the gnoll's attack.
The gnoll hits you from afar with an enchanted spear.
You die...

.........######......##.##..
.........# #......##.##..
.........# #......##.##..
.........# #......##.##..
.........#### #......##..+..
....####...$# #......#####..
... #....# #......# +.. ..
#....###......# #..
#...@.........#
#..ggg.....#### #.....g....#
##.....$...# #..........
#.......... #..........
#######....


You could see 4 gnolls.

Vanquished Creatures
  An adder (D:2)
  A worm (D:2)
  2 giant geckos (D:2)
  3 bats (D:1)
  2 goblins
  2 hobgoblins (D:1)
  A quokka (D:1)
  A giant newt (D:2)
  3 kobolds
16 creatures vanquished.

Notes
Turn   | Place    | Note
--------------------------------------------------------------
     0 | D:1      | gorblad the Gargoyle Fighter began the quest for the Orb.
     0 | D:1      | Reached XP level 1. HP: 14/14 MP: 1/1
    99 | D:1      | Reached skill level 1 in Dodging
   141 | D:1      | Reached XP level 2. HP: 16/19 MP: 2/2
   192 | D:1      | You fall through a shaft!
   218 | D:2      | Found a bloodstained altar of Trog.
   237 | D:2      | Became a worshipper of Trog the Wrathful
   391 | D:2      | Reached XP level 3. HP: 15/23 MP: 3/3
   590 | D:2      | Gained mutation: You are frail (-10% HP). [potion of mutation]
   590 | D:2      | Gained mutation: You are clumsy. (Dex -2) [potion of mutation]
   590 | D:2      | Gained mutation: Your muscles are strong. (Str +2) [potion of mutation]
   590 | D:2      | HP: 1/20 [gnoll (3)]
   592 | D:2      | Slain by a gnoll

Action                   || total
-------------------------++-------
Melee: Flail             ||    81
  Use: Potion            ||     3
